 Dungeon Crawl Stone Soup version 0.25.1-8-g42b30a86e7 (webtiles) character file.

Game seed: 5928577334762128734

4 growler the Gusty (level 1, -2/10 HPs)
             Began as a Tengu Air Elementalist on Dec 9, 2020.
             Slain by an adder (4 damage)
             ... on level 2 of the Dungeon.
             The game lasted 00:01:42 (482 turns).

growler the Gusty (Tengu Air Elementalist)           Turns: 482, Time: 00:01:43

Health: -2/10      AC:  2    Str:  8    XL:     1   Next: 70%
Magic:  0/4        EV: 12    Int: 15    God:
Gold:   0          SH:  0    Dex: 14    Spells: 3/4 levels left

rFire    . . .     SeeInvis .   (no weapon)
rCold    . . .     Gourm    .   (no shield)
rNeg     . . .     Faith    .   a - +0 robe
rPois    .         Spirit   .   (helmet restricted)
rElec    .         Reflect  .   (no cloak)
rCorr    .         Harm     .   (no gloves)
MR       .....                  (boots unavailable)
Stlth    ++........             (no amulet)
HPRegen  0.03/turn              (no ring)
MPRegen  0.09/turn              (no ring)

@: no status effects
A: beak, talons 3
a: no special abilities


You were on level 2 of the Dungeon.
You were not hungry.

You visited 1 branch of the dungeon, and saw 2 of its levels.

Inventory:

Armour
 a - a +0 robe (worn)
Potions
 b - a potion of cancellation {unknown}
 c - a potion of mutation {unknown}
 d - 2 potions of might {unknown}
Comestibles
 e - a ration {!d}
 f - a chunk of flesh


   Skills:
 - Level 2.1 Dodging
 - Level 2.0 Stealth
 - Level 2.0 Spellcasting
 + Level 1.9 Conjurations
 + Level 4.2 Air Magic


You had 3 spell levels left.
You knew the following spells:

 Your Spells              Type           Power        Failure   Level  Hunger
a - Shock                 Conj/Air       ##..         6%          1    #......

Your spell library contained the following spells:

 Spells                   Type           Power        Failure   Level  Hunger
 Swiftness                Chrm/Air       #.......     14%         2    ###....
 Static Discharge         Conj/Air       ##......     19%         3    ###....
 Airstrike                Air            ##........   36%         4    #####..
 Lightning Bolt           Conj/Air       ##........   86%         5    ######.


Dungeon Overview and Level Annotations

Branches:
Dungeon (1/15)

Altars:


Innate Abilities, Weirdness & Mutations

You have a beak for a mouth.
You have claws for feet.


Message History

The leopard gecko hisses angrily.
Aim: a leopard gecko (moderately wounded)
The zap hits the leopard gecko.
You kill the leopard gecko!
You butcher the leopard gecko corpse.
f - a chunk of flesh You see here a leopard gecko skeleton. x2
You fall into a shaft and drop 1 floor!
The shaft crumbles and collapses.
Found 22 stones and a ration.
A leopard gecko, an adder and a kobold come into view.
The kobold throws a stone.
The stone barely misses you.
The adder moves out of view.
You see here a ration {!d}.
An adder comes into view.
You see here a ration {!d}.
Aim: a kobold You miscast Shock.
You are very lightly contaminated with residual magic.
Nothing appears to happen.
Aim: a kobold The zap hits the kobold.
You kill the kobold!
You start resting.
Your magical contamination has completely faded away.
Unknown command.
Aim: an adder (asleep)
The zap hits the adder.
Aim: an adder (moderately wounded)
The zap misses the adder.
Aim: an adder (lightly wounded)
The zap misses the adder.
Aim: an adder (lightly wounded)
The zap hits the adder.
You see here a ration {!d}.
You barely miss the adder. Your kick misses the adder. The adder misses you.
You miss the adder. Your kick misses the adder. The adder closely misses you.
The adder bites you.
Unknown command.
You hit the adder. The adder bites you.
* * * LOW HITPOINT WARNING * * *
You barely miss the adder. You peck the adder, but do no damage.
The adder barely misses you.
Aim: an adder (severely wounded)
The zap misses the adder.
The adder bites you.
* * * LOW HITPOINT WARNING * * *
The adder bites you but does no damage.
You closely miss the adder. Your kick misses the adder.
Your peck misses the adder. The adder bites you.
You die...

#...S..
......
...... #....
#.... #.#.#
#.#.#
########.#.#
......(..S@#
############


You could see an adder.

Vanquished Creatures
  A leopard gecko (D:1)
  A hobgoblin (D:1)
  A ball python (D:1)
  A kobold (D:2)
4 creatures vanquished.

Notes
Turn   | Place    | Note
-------+----------+-------------------------------------------
     0 | D:1      | growler the Tengu Air Elementalist began the quest for the
                  | Orb.
     0 | D:1      | Reached XP level 1. HP: 10/10 MP: 4/4
   439 | D:1      | You fall into a shaft and drop 1 floor!
   482 | D:2      | Slain by an adder

Illustrated notes

Levels and vault maps discovered:
D:1:      matt_arrival_refuge, layout_basic, minmay_misc_feat_square,
          chequers_serial_rivers_micro_c
D:2:      cheibrodos_old_hovel, layout_loops_ring, serial_glass,
          glass_columns_c, glass_columns_a, uniq_crazy_yiuf_cottage

Action                   || total
-------------------------++-------
Melee: Unarmed           ||     5
       Peck              ||     1
 Cast: Shock             ||    14
Armor: Robe              ||     3
Dodge: Dodged            ||     5
